[Event "Titled Tuesday Blitz July 25 Early 2023"]
[White "ZugZwang1201"]
[Black "Mohammad Fahad, Rahman"]
[BlackFideId "10207791"]
[WhiteElo "2434"]
[BlackElo "2676"]
[Result "0-1"]
[Round "5"]
[TimeControl "180+2"]
[Date "2023.07.25"]
[WhiteClock "0:00:00"]
[BlackClock "0:00:20"]
[Board "79"]

1. e4 c5 2. Nf3 Nc6 3. d4 cxd4 4. Nxd4 e5 5. Nb5 d6 6. c4 a6 7. N5c3 g6 8. Be3 Bg7 9. h4 Nd4 10. h5 Ne7 11. h6 Bf6 12. Na3 Nec6 13. Qd2 Be6 14. Be2 O-O 15. g4 Rc8 16. g5 Bh8 17. Nd5 Nxe2 18. Qxe2 Nd4 19. Qd1 Re8 20. O-O b5 21. b3 Qa5 22. Nc2 bxc4 23. Nxd4 Bxd5 24. exd5 exd4 25. Bxd4 Qxd5 26. Bf6 Qf5 27. Qxd6 Re4 28. f3 Re6 29. Qd7 Qc5+ 30. Kh2 Bxf6 31. gxf6 Re2+ 32. Kg3 Rce8 33. Rae1 Qe5+ 34. f4 Qc3+ 35. Rf3 Qxe1+ 0-1


[Site "https://www.chess.com"]

[Event "Titled Tuesday Blitz July 25 Early 2023"]
[White "Tobak, Mikhail"]
[Black "brm72"]
[WhiteFideId "14165570"]
[WhiteElo "2417"]
[BlackElo "2662"]
[Result "0-1"]
[Round "5"]
[TimeControl "180+2"]
[Date "2023.07.25"]
[WhiteClock "0:00:09"]
[BlackClock "0:00:10"]
[Board "80"]

1. e4 c6 2. Nc3 d5 3. Nf3 dxe4 4. Nxe4 Nf6 5. Qe2 Nxe4 6. Qxe4 Nd7 7. Bc4 Nf6 8. Ne5 e6 9. Qe2 b5 10. Nxc6 Qc7 11. Bxb5 a6 12. Bc4 Qxc6 13. O-O Bb7 14. f3 Rc8 15. Bb3 Bc5+ 16. Kh1 O-O 17. c3 h6 18. d4 Bd6 19. Be3 Bb8 20. Bc2 Rfe8 21. Qd3 Qd6 22. Bg1 e5 23. dxe5 Qxe5 24. Rad1 Bd5 25. Bb3 Bxb3 26. axb3 Qe2 27. Qxe2 Rxe2 28. Rf2 Rce8 29. Rxe2 Rxe2 30. Rd8+ Re8 31. Rxe8+ Nxe8 32. Bd4 f5 33. Kg1 Kf7 34. h3 Ke6 35. Kf2 Be5 36. Bb6 Kd5 37. Ke3 g5 38. Kd3 Ng7 39. Bf2 Ne6 40. b4 Nf4+ 41. Kc2 Nxg2 42. b3 Nf4 43. c4+ Kc6 44. h4 g4 45. fxg4 fxg4 46. Bg3 Ng6 47. Bf2 g3 48. Bg1 Nxh4 49. Kd3 Ng6 50. Ke4 Bd6 51. c5 Bc7 52. Kf5 Ne7+ 53. Kg4 Kb5 54. Kh5 Ng8 55. Kg6 Kxb4 56. Kg7 Ne7 57. Kxh6 Kxb3 58. Kg5 a5 59. Kf6 Nc6 60. Ke6 Bf4 61. Kd7 Nb4 62. c6 Nxc6 63. Kxc6 a4 64. Kd5 a3 65. Ke4 Bb8 66. Kf3 Kc3 67. Be3 a2 68. Ke4 Kc2 69. Bd4 Kb1 70. Kf3 a1=Q 71. Bxa1 Kxa1 72. Kg2 Kb2 73. Kf3 Kc3 74. Kg2 Kd2 75. Kf3 Ke1 76. Kg2 Ke2 77. Kh3 Kf3 0-1


[Site "https://www.chess.com"]

[Event "Titled Tuesday Blitz July 25 Early 2023"]
[White "Nagare Kaivalya Sandip"]
[Black "Attacker_2006"]
[WhiteFideId "25957929"]
[WhiteElo "2661"]
[BlackElo "2386"]
[Result "0-1"]
[Round "5"]
[TimeControl "180+2"]
[Date "2023.07.25"]
[WhiteClock "0:00:29"]
[BlackClock "0:00:14"]
[Board "81"]

1. e4 c5 2. Nf3 d6 3. d4 cxd4 4. Nxd4 Nf6 5. Nc3 a6 6. Be3 e6 7. g4 e5 8. Nf5 g6 9. g5 gxf5 10. gxf6 f4 11. Bc1 Qxf6 12. Nd5 Qd8 13. Bc4 Be6 14. Bb3 Nc6 15. c3 h5 16. h3 Rc8 17. Qf3 Qh4 18. Bd2 b5 19. a4 Na5 20. Ba2 bxa4 21. Qe2 Nb3 22. Bxb3 axb3 23. Qxa6 f3 24. Be3 Be7 25. Qb5+ Bd7 26. Qb7 Rg8 27. Ra7 Rd8 28. Kd2 Rg6 29. Rha1 Kf8 30. Ra8 Qxe4 31. Rxd8+ Bxd8 32. Ra8 Qc2+ 33. Ke1 Rg1# 0-1


[Site "https://www.chess.com"]

[Event "Titled Tuesday Blitz July 25 Early 2023"]
[White "Arat, Ufuk Sezen"]
[Black "Gavarrete, Nahun"]
[WhiteFideId "6309089"]
[BlackFideId "8400709"]
[WhiteElo "2624"]
[BlackElo "2358"]
[Result "1-0"]
[Round "5"]
[TimeControl "180+2"]
[Date "2023.07.25"]
[WhiteClock "0:02:31"]
[BlackClock "0:01:01"]
[Board "82"]

1. e4 e6 2. d4 d5 3. Nc3 Nf6 4. Bg5 Be7 5. e5 Nfd7 6. Bxe7 Qxe7 7. f4 a6 8. Nf3 c5 9. dxc5 Nc6 10. Qd2 Nxc5 11. Bd3 b5 12. Ne2 Bb7 13. c3 Nxd3+ 14. Qxd3 O-O 15. Ned4 Nxd4 16. Nxd4 b4 17. O-O a5 18. f5 exf5 19. Nxf5 Qxe5 20. Rae1 Qf6 21. Ne7+ 1-0


[Site "https://www.chess.com"]

[Event "Titled Tuesday Blitz July 25 Early 2023"]
[White "Szente Varga, Fruzsina"]
[Black "Arabidze, Meri"]
[WhiteFideId "712264"]
[BlackFideId "13604040"]
[WhiteElo "2328"]
[BlackElo "2612"]
[Result "0-1"]
[Round "5"]
[TimeControl "180+2"]
[Date "2023.07.25"]
[WhiteClock "0:00:00"]
[BlackClock "0:00:22"]
[Board "83"]

1. e4 c5 2. Nf3 e6 3. b3 b6 4. Bb2 Bb7 5. Nc3 Nf6 6. e5 Ng4 7. d4 Nc6 8. h3 cxd4 9. hxg4 dxc3 10. Bxc3 Qc7 11. Bd3 Nb4 12. Qd2 Nxd3+ 13. cxd3 Ba3 14. O-O h5 15. g5 h4 16. Bb4 Bxb4 17. Qxb4 Bxf3 18. gxf3 Qxe5 19. f4 Qd5 20. Qe4 Qxe4 21. dxe4 O-O-O 22. Rac1+ Kb7 23. Rc3 Rc8 24. Rfc1 Rxc3 25. Rxc3 h3 26. Kh2 Rh4 27. Rf3 Kc6 28. f5 e5 29. Re3 a5 30. f3 d5 31. Rc3+ Kd6 32. Rd3 d4 33. a3 Rh5 34. g6 fxg6 35. fxg6 Ke6 36. Rd1 Rg5 37. Kxh3 Rxg6 38. Rc1 Kf6 39. Rc6+ Kg5 40. Rc8 Kf4 0-1


[Site "https://www.chess.com"]

[Event "Titled Tuesday Blitz July 25 Early 2023"]
[White "Mamedov, Edgar"]
[Black "Fernandez Siles, Luis"]
[WhiteFideId "13739980"]
[BlackFideId "2209420"]
[WhiteElo "2605"]
[BlackElo "2319"]
[Result "1-0"]
[Round "5"]
[TimeControl "180+2"]
[Date "2023.07.25"]
[WhiteClock "0:00:24"]
[BlackClock "0:00:07"]
[Board "84"]

1. d4 Nf6 2. c4 g6 3. Nc3 Bg7 4. e4 d6 5. Nf3 O-O 6. Be2 c5 7. d5 e6 8. O-O exd5 9. cxd5 a6 10. a4 Bg4 11. Nd2 Bxe2 12. Qxe2 Nbd7 13. a5 Re8 14. Nc4 Ne5 15. Nb6 Rb8 16. Bg5 h6 17. Bh4 g5 18. Bg3 Nfd7 19. Nxd7 Qxd7 20. Na4 Qb5 21. Qxb5 axb5 22. Nc3 b4 23. Nb5 Nc4 24. Nxd6 Nxd6 25. Bxd6 Bxb2 26. Rab1 Bd4 27. Bxb8 Rxb8 28. Rfd1 Bc3 29. d6 Kf8 30. Rd5 Bd4 31. g3 Ke8 32. d7+ Kd8 33. Kg2 Ra8 34. e5 Ra6 35. f4 gxf4 36. gxf4 Rxa5 37. Kf3 b5 38. f5 Ra6 39. Re1 b3 40. e6 fxe6 41. Rxe6 Rxe6 42. fxe6 Bf6 43. Rxc5 b2 44. Rc8+ 1-0


[Site "https://www.chess.com"]

[Event "Titled Tuesday Blitz July 25 Early 2023"]
[White "Thiel, Thomas"]
[Black "Gamayev, Oleg"]
[WhiteFideId "4615964"]
[BlackFideId "2802813"]
[WhiteElo "2269"]
[BlackElo "2590"]
[Result "1/2-1/2"]
[Round "5"]
[TimeControl "180+2"]
[Date "2023.07.25"]
[WhiteClock "0:01:28"]
[BlackClock "0:01:29"]
[Board "85"]

1. e4 d6 2. d4 Nf6 3. Nc3 e5 4. Nf3 exd4 5. Nxd4 Be7 6. g3 d5 7. e5 Ng4 8. Qe2 Bc5 9. h3 Bxd4 10. hxg4 c6 11. Bd2 Qe7 12. f4 f6 13. exf6 Qxe2+ 14. Bxe2 Bxf6 15. g5 Be7 16. Bd3 h6 17. gxh6 Rxh6 18. Rxh6 gxh6 19. Ke2 Bg4+ 20. Kf2 Kf7 21. Rh1 Bf8 22. Be2 Bxe2 23. Nxe2 Nd7 24. g4 Nf6 25. Kf3 Re8 26. Nd4 Ne4 27. Be3 c5 28. Nf5 Kg6 29. Nh4+ Kf7 30. Nf5 Kg6 31. Nh4+ Kf7 32. Nf5 1/2-1/2


[Site "https://www.chess.com"]

[Event "Titled Tuesday Blitz July 25 Early 2023"]
[White "NovoselovRoman"]
[Black "Ruge, Edison"]
[BlackFideId "4401000"]
[WhiteElo "2577"]
[BlackElo "2234"]
[Result "0-1"]
[Round "5"]
[TimeControl "180+2"]
[Date "2023.07.25"]
[WhiteClock "0:00:10"]
[BlackClock "0:00:50"]
[Board "86"]

1. e4 e5 2. Nf3 Nc6 3. Bc4 Be7 4. Nc3 Nf6 5. d3 O-O 6. h3 d6 7. Be3 Kh8 8. Ng5 Qe8 9. f4 h6 10. Nf3 exf4 11. Bxf4 Ne5 12. Nxe5 dxe5 13. Bxe5 Nxe4 14. Bxg7+ Kxg7 15. dxe4 Bh4+ 16. Kf1 Qe5 17. Qf3 Be6 18. Bd3 f5 19. Ke2 Rae8 20. Qh5 Qg3 21. Raf1 Bg5 22. Kd1 Qe3 23. Qe2 Qc1# 0-1


[Site "https://www.chess.com"]

[Event "Titled Tuesday Blitz July 25 Early 2023"]
[White "Bychkov, Vladimir"]
[Black "Zhigalko, Sergei"]
[WhiteFideId "24151513"]
[BlackFideId "13502956"]
[WhiteElo "2497"]
[BlackElo "2878"]
[Result "0-1"]
[Round "5"]
[TimeControl "180+2"]
[Date "2023.07.25"]
[WhiteClock "0:00:03"]
[BlackClock "0:00:30"]
[Board "87"]

1. d4 Nf6 2. c4 e6 3. Nf3 b6 4. Nc3 Bb4 5. Bd2 O-O 6. e3 Bb7 7. Bd3 d5 8. cxd5 exd5 9. Ne5 Bd6 10. f4 c5 11. Qf3 Nc6 12. O-O cxd4 13. Nxc6 Bxc6 14. exd4 Re8 15. Rae1 Rc8 16. Re5 h6 17. g4 Qd7 18. Bf5 Qb7 19. g5 Ne4 20. gxh6 Nxd2 21. Qg2 g6 22. Bxg6 Kh8 23. Bh7 Bxe5 24. fxe5 Rg8 25. Bxg8 Rxg8 0-1


[Site "https://www.chess.com"]

[Event "Titled Tuesday Blitz July 25 Early 2023"]
[White "Harsh Suresh"]
[Black "Taboas Rodriguez, Daniel"]
[WhiteFideId "45018464"]
[BlackFideId "2208466"]
[WhiteElo "2834"]
[BlackElo "2493"]
[Result "1-0"]
[Round "5"]
[TimeControl "180+2"]
[Date "2023.07.25"]
[WhiteClock "0:00:06"]
[BlackClock "0:00:02"]
[Board "88"]

1. d4 Nf6 2. c4 g6 3. g3 Bg7 4. Bg2 O-O 5. Nf3 b6 6. O-O Bb7 7. Nc3 Ne4 8. Qd3 Nxc3 9. bxc3 Nc6 10. e4 e5 11. Ba3 d6 12. dxe5 Nxe5 13. Nxe5 Bxe5 14. f4 Bg7 15. Rad1 Re8 16. Rfe1 Qd7 17. Bc1 Qa4 18. Rd2 Ba6 19. Bf1 Qa5 20. Rc2 f5 21. Bb2 Qc5+ 22. Kh1 Qc6 23. Kg1 fxe4 24. Qe2 Qc5+ 25. Qe3 Qc6 26. Qe2 Re7 27. Bc1 Rae8 28. Be3 h5 29. Bd4 e3 30. Qd3 Bb7 31. Bg2 Re4 32. Bxg7 Kxg7 33. Rce2 Kh6 34. Bxe4 Rxe4 35. Qd5 Qxd5 36. cxd5 Bxd5 37. Rxe3 Rxe3 38. Rxe3 Bxa2 39. Re7 c5 40. Rxa7 Bc4 41. Rb7 b5 42. Kf2 d5 43. Ke3 h4 44. g4 h3 45. Kf3 Bd3 46. g5+ Kh5 47. Rh7# 1-0


[Site "https://www.chess.com"]

[Event "Titled Tuesday Blitz July 25 Early 2023"]
[White "Perske, Thore"]
[Black "Gharibyan, Mamikon"]
[WhiteFideId "12902195"]
[BlackFideId "13308300"]
[WhiteElo "2487"]
[BlackElo "2794"]
[Result "0-1"]
[Round "5"]
[TimeControl "180+2"]
[Date "2023.07.25"]
[WhiteClock "0:00:47"]
[BlackClock "0:00:54"]
[Board "89"]

1. d4 Nf6 2. g3 c5 3. dxc5 Qa5+ 4. Nc3 Qxc5 5. Bg2 g6 6. e4 Bg7 7. Nge2 O-O 8. h3 d6 9. O-O Nc6 10. Be3 Qa5 11. Nd5 Nxd5 12. exd5 Ne5 13. b3 b5 14. Nd4 Bb7 15. Nc6 Bxc6 16. dxc6 Rac8 17. Bd4 Nxc6 18. Bxg7 Kxg7 19. Re1 Rfe8 20. c4 bxc4 21. bxc4 Ne5 22. Rc1 Rxc4 23. Rxc4 Nxc4 24. Qd4+ Ne5 25. Rc1 Qb6 26. Qc3 Rb8 27. Bd5 e6 28. Bb3 Kg8 29. Qc7 Nd3 30. Qxb6 Rxb6 31. Rc7 a5 32. Rc8+ Kg7 33. Ra8 Nc5 34. Bc4 Rb4 35. Bf1 a4 36. Ra7 d5 37. h4 h5 38. Bh3 Kf6 39. Rc7 Ne4 40. Bg2 Rb1+ 41. Kh2 Nxf2 42. Ra7 Ng4+ 43. Kh3 Rb4 44. a3 Nf2+ 45. Kh2 Ng4+ 46. Kh3 Rc4 47. Bf1 Rc2 48. Bg2 d4 49. Rxa4 d3 50. Rd4 d2 51. Bf3 d1=Q 52. Bxd1 Rh2# 0-1


[Site "https://www.chess.com"]

[Event "Titled Tuesday Blitz July 25 Early 2023"]
[White "Samunenkov, Ihor"]
[Black "marik_spb"]
[WhiteFideId "14187086"]
[WhiteElo "2791"]
[BlackElo "2486"]
[Result "1-0"]
[Round "5"]
[TimeControl "180+2"]
[Date "2023.07.25"]
[WhiteClock "0:00:33"]
[BlackClock "0:00:03"]
[Board "90"]

1. d4 Nf6 2. Nc3 d5 3. Bf4 e6 4. e3 Bd6 5. Qf3 O-O 6. O-O-O c6 7. h4 b5 8. h5 b4 9. Nce2 Bxf4 10. Nxf4 a5 11. h6 g6 12. Bd3 c5 13. dxc5 Ba6 14. Qg3 Bxd3 15. cxd3 d4 16. Nf3 Nc6 17. e4 Qe7 18. Kb1 Qxc5 19. Rc1 Qb5 20. Rc4 Nxe4 21. Qh4 Ne5 22. dxe4 Nxf3 23. gxf3 g5 24. Rg1 Kh8 25. Qxg5 Qxg5 26. Rxg5 Rg8 27. Rxg8+ Rxg8 28. Kc1 Rd8 29. Nd3 Kg8 30. Kc2 f6 31. Rc7 e5 32. Nc5 Rd6 33. Kd3 a4 34. Nxa4 f5 35. exf5 Rxh6 36. Nc5 Rf6 37. Ke4 h5 38. Kxe5 Rh6 39. Ne6 h4 40. f6 Rh7 41. Rc8+ Kf7 42. Ng5+ Kg6 43. Nxh7 h3 44. Rg8+ Kxh7 45. f7 h2 46. f8=Q h1=Q 47. Qg7# 1-0


[Site "https://www.chess.com"]

[Event "Titled Tuesday Blitz July 25 Early 2023"]
[White "Koutlas, Nikolaos"]
[Black "Atakhan, Abtin"]
[WhiteFideId "25827138"]
[BlackFideId "22502203"]
[WhiteElo "2485"]
[BlackElo "2751"]
[Result "1-0"]
[Round "5"]
[TimeControl "180+2"]
[Date "2023.07.25"]
[WhiteClock "0:01:02"]
[BlackClock "0:01:13"]
[Board "91"]

1. Nf3 Nf6 2. c4 g6 3. Nc3 Bg7 4. d4 O-O 5. g3 d6 6. Bg2 Nc6 7. O-O e5 8. d5 Nb8 9. Nd2 a5 10. Rb1 Na6 11. a3 Bf5 12. e4 Bd7 13. b4 b6 14. Nb5 axb4 15. axb4 Qe7 16. Bb2 c6 17. dxc6 Bxc6 18. Ba1 Nc7 19. Nc3 Ne6 20. Nd5 Bxd5 21. exd5 Nd4 22. Re1 Qa7 23. Bxd4 exd4 24. Nb3 Qa2 25. Qxd4 Ra3 26. Qd1 Rc8 27. Re2 1-0


[Site "https://www.chess.com"]

[Event "Titled Tuesday Blitz July 25 Early 2023"]
[White "MateoReyes"]
[Black "Prohaszka, Peter"]
[BlackFideId "726265"]
[WhiteElo "2480"]
[BlackElo "2739"]
[Result "0-1"]
[Round "5"]
[TimeControl "180+2"]
[Date "2023.07.25"]
[WhiteClock "0:00:08"]
[BlackClock "0:00:09"]
[Board "92"]

1. Nf3 d5 2. d4 Nf6 3. c4 e6 4. Nc3 Bb4 5. a3 Bxc3+ 6. bxc3 dxc4 7. Bg5 Nbd7 8. e3 b5 9. a4 c6 10. Qb1 a6 11. g3 h6 12. Bxf6 Qxf6 13. Bg2 Rb8 14. O-O O-O 15. Nd2 e5 16. Ne4 Qe7 17. Re1 f5 18. Nd2 Bb7 19. axb5 axb5 20. Ra7 e4 21. Nxc4 bxc4 22. Rxb7 Qd6 23. Bf1 Kh7 24. Bxc4 Qa3 25. Qb3 Qxb3 26. Rxb3 Rxb3 27. Bxb3 Kg6 28. Ra1 Rb8 29. Be6 Nf6 30. h3 Re8 31. Bc4 h5 32. Ra6 Rc8 33. Ra7 h4 34. Kg2 hxg3 35. fxg3 Rb8 36. Rc7 Rb2+ 37. Kf1 Nh5 38. g4 Ng3+ 39. Kg1 f4 40. exf4 e3 41. f5+ Kg5 42. Rxg7+ Kf4 43. f6 Kf3 44. Bf1 Rb1 45. Kh2 Rxf1 46. g5 Rh1# 0-1


[Site "https://www.chess.com"]

[Event "Titled Tuesday Blitz July 25 Early 2023"]
[White "Spichkin, Alexander"]
[Black "Djordjevic, Vuk"]
[WhiteFideId "4144074"]
[BlackFideId "902098"]
[WhiteElo "2479"]
[BlackElo "2736"]
[Result "0-1"]
[Round "5"]
[TimeControl "180+2"]
[Date "2023.07.25"]
[WhiteClock "0:00:44"]
[BlackClock "0:00:43"]
[Board "93"]

1. f4 Nf6 2. Nf3 d5 3. e3 c5 4. b3 e6 5. Bb2 Bd6 6. Bd3 Nc6 7. O-O Qc7 8. Bb5 Bd7 9. Bxc6 Bxc6 10. Ne5 O-O-O 11. d3 Nd7 12. Nxf7 Nf6 13. Nxd6+ Qxd6 14. Nd2 h5 15. Nf3 Ng4 16. Qe2 Rhg8 17. Ne5 Nxe5 18. Bxe5 Qe7 19. Qxh5 Rdf8 20. Qg5 Qd7 21. d4 Rf5 22. Qg6 c4 23. e4 dxe4 24. bxc4 Qe7 25. d5 Bd7 26. d6 Qd8 27. c5 Qa5 28. Bd4 Qa4 29. c3 Qc4 30. Rae1 Bc6 31. Re3 Bb5 32. Rfe1 Rxf4 33. h3 Bc6 34. Qg3 g5 35. Be5 Rf5 36. Bd4 Qxa2 37. d7+ Kxd7 38. Qd6+ Ke8 39. Rxe4 Bxe4 40. Qb8+ Kf7 41. Qc7+ Kg6 42. Kh2 Qxg2# 0-1


[Site "https://www.chess.com"]

[Event "Titled Tuesday Blitz July 25 Early 2023"]
[White "Goltsev, Dmitry"]
[Black "Papayan, Oleg"]
[WhiteFideId "24176710"]
[BlackFideId "4193911"]
[WhiteElo "2711"]
[BlackElo "2475"]
[Result "1-0"]
[Round "5"]
[TimeControl "180+2"]
[Date "2023.07.25"]
[WhiteClock "0:00:45"]
[BlackClock "0:00:16"]
[Board "94"]

1. e4 d5 2. exd5 Qxd5 3. Nf3 Qd8 4. Nc3 Bf5 5. d4 e6 6. Bc4 Be7 7. O-O Nf6 8. Ne5 Nbd7 9. Qf3 O-O 10. Qxb7 Nxe5 11. dxe5 Ng4 12. Rd1 Qc8 13. Qxc8 Raxc8 14. Bf4 Bxc2 15. Rd2 Bg6 16. h3 Nh6 17. Be3 Nf5 18. Bf4 Rfd8 19. Rad1 c6 20. g4 Nh4 21. Be2 Rxd2 22. Rxd2 Rd8 23. Rxd8+ Bxd8 24. Be3 a5 25. f4 h5 26. Kf2 hxg4 27. hxg4 f6 28. exf6 gxf6 29. Kg3 f5 30. g5 e5 31. Kxh4 exf4 32. Bxf4 Kf7 33. Bc4+ Ke7 34. Be5 Bb6 35. Kg3 Be3 36. Bf4 Bd4 37. Nd1 Bh5 38. Ne3 Bxb2 39. Nxf5+ Kd7 40. Ne3 a4 41. Ng4 Ke7 42. Be5 Bc1 43. Bf6+ Kf8 44. Ne5 Be8 45. g6 Bh6 46. Kg4 c5 47. Kh5 Bg7 48. Bxg7+ Kxg7 49. Kg5 a3 50. Bd3 Ba4 51. Nf3 Bb3 52. Bb1 Bd5 53. Nh4 c4 54. Nf5+ Kf8 55. Kf6 c3 56. g7+ Ke8 57. Ne3 Bg8 58. Bg6+ Kd7 59. Bf7 Bh7 60. g8=Q Bxg8 61. Bxg8 Kd6 62. Nc2 Kc5 63. Ke5 Kb5 64. Kd4 Ka4 65. Kxc3 Ka5 66. Nxa3 Ka4 67. Nc2 Ka5 68. Bb3 Kb5 69. a4+ Ka5 70. Kc4 Ka6 71. Kb4 Kb6 72. Nd4 Ka6 73. a5 Ka7 74. Kb5 Kb7 75. a6+ Ka7 76. Bd5 Kb8 77. Kb6 Kc8 78. a7 Kd7 79. a8=Q Kd6 80. Qd8+ Ke5 81. Nc6+ Kf4 82. Qf6+ Ke3 83. Qf3+ Kd2 84. Nd4 Ke1 85. Qe2# 1-0


[Site "https://www.chess.com"]

[Event "Titled Tuesday Blitz July 25 Early 2023"]
[White "UNSTOPPABLE_LEGEND"]
[Black "Liyanage, Ranindu Dilshan"]
[BlackFideId "9915834"]
[WhiteElo "2475"]
[BlackElo "2702"]
[Result "0-1"]
[Round "5"]
[TimeControl "180+2"]
[Date "2023.07.25"]
[WhiteClock "0:00:12"]
[BlackClock "0:00:22"]
[Board "95"]

1. b3 e5 2. Bb2 Nc6 3. e3 Nf6 4. Bb5 Bd6 5. Ne2 O-O 6. O-O e4 7. Bxc6 dxc6 8. Ng3 Ng4 9. h3 Nxf2 10. Rxf2 Bxg3 11. Rf1 Qh4 12. Nc3 Be5 13. Na4 Bd6 14. Qe2 Qg3 15. Rf4 Bxf4 16. exf4 Bxh3 17. Rf1 Rfe8 18. Bd4 Bg4 19. Qf2 Qxf2+ 20. Kxf2 b6 21. Ke3 Rad8 22. Be5 Re7 23. Nb2 f6 24. Bc3 b5 25. b4 a5 26. a3 Red7 27. Rh1 axb4 28. axb4 Ra8 29. Rh4 Be6 30. Rh1 Ra2 31. Re1 Kf7 32. Kxe4 c5 33. bxc5 b4 34. Bd4 Rxd4+ 35. Kxd4 Rxb2 36. Rc1 b3 37. cxb3 Rxd2+ 38. Kc3 Rxg2 39. b4 Rf2 40. b5 Rxf4 41. b6 cxb6 42. cxb6 Rc4+ 43. Kd3 Rxc1 0-1


[Site "https://www.chess.com"]

[Event "Titled Tuesday Blitz July 25 Early 2023"]
[White "Goroshkov, Maksym"]
[Black "Tifferet, Shaked"]
[WhiteFideId "14142716"]
[BlackFideId "2811529"]
[WhiteElo "2691"]
[BlackElo "2473"]
[Result "1-0"]
[Round "5"]
[TimeControl "180+2"]
[Date "2023.07.25"]
[WhiteClock "0:00:58"]
[BlackClock "0:00:00"]
[Board "96"]

1. e4 c5 2. b4 cxb4 3. a3 d5 4. exd5 Nf6 5. axb4 Nxd5 6. Bb5+ Bd7 7. Bc4 e6 8. Bxd5 exd5 9. Nf3 Qe7+ 10. Kf1 Qxb4 11. Nc3 Be7 12. Kg1 Be6 13. Ba3 Qxa3 14. Rxa3 Bxa3 15. Nb5 Bb4 16. Nc7+ Kd7 17. Nxa8 Nc6 18. c3 Bd6 19. Ng5 Rxa8 20. Nxe6 fxe6 21. Qg4 a5 22. Qxg7+ Be7 23. g3 a4 24. Kg2 a3 25. c4 d4 26. Qxh7 a2 27. Ra1 Nb4 28. h4 d3 29. h5 Kd6 30. h6 Bf6 31. Rxa2 Rxa2 32. Qxb7 Nc6 33. h7 Rxd2 34. Qf7 Be5 35. h8=Q Bxh8 36. Qf4+ e5 37. Qxd2 e4 38. Qh6+ Kc5 39. Qxh8 d2 40. Qa1 Kxc4 41. Qa4+ Nb4 42. Kf1 Kc3 43. Ke2 Nd3 44. Qxe4 Nc1+ 45. Kd1 Nd3 46. Qe3 Kc4 47. Kxd2 1-0


[Site "https://www.chess.com"]

[Event "Titled Tuesday Blitz July 25 Early 2023"]
[White "Kopczynski, Michal"]
[Black "Gubajdullin, Alexei"]
[WhiteFideId "1124200"]
[BlackFideId "4141202"]
[WhiteElo "2471"]
[BlackElo "2689"]
[Result "0-1"]
[Round "5"]
[TimeControl "180+2"]
[Date "2023.07.25"]
[WhiteClock "0:01:09"]
[BlackClock "0:01:28"]
[Board "97"]

1. e4 c6 2. d4 d5 3. e5 Bf5 4. g4 Bd7 5. Bd3 e6 6. h4 h5 7. g5 g6 8. Be3 Qc7 9. Nd2 c5 10. c3 Nc6 11. Ne2 Qb6 12. b3 cxd4 13. Nxd4 Qa5 14. Nxc6 Bxc6 15. b4 Qc7 16. f4 d4 17. cxd4 Bxh1 18. a3 Bd5 19. Rc1 Qd7 20. Qe2 a6 21. Kf2 Ne7 22. Be4 Bxe4 23. Nxe4 Nd5 24. Rc5 Bxc5 25. bxc5 O-O 26. f5 exf5 27. Nf6+ Nxf6 28. gxf6 f4 29. Bxf4 Qf5 30. Qe3 Rfd8 31. Ke1 Rd5 32. Bg3 Kh7 33. Bf2 Rad8 34. Qb3 Qe4+ 35. Kf1 Kg8 36. Qxb7 Rxe5 37. Qxe4 Rxe4 38. c6 Rdxd4 39. Bxd4 Rxd4 40. c7 Rc4 41. c8=Q+ Rxc8 0-1


[Site "https://www.chess.com"]

[Event "Titled Tuesday Blitz July 25 Early 2023"]
[White "Oleksiyenko, Mykhaylo"]
[Black "Pasti, Aron"]
[WhiteFideId "4152417"]
[BlackFideId "785857"]
[WhiteElo "2652"]
[BlackElo "2461"]
[Result "1-0"]
[Round "5"]
[TimeControl "180+2"]
[Date "2023.07.25"]
[WhiteClock "0:01:52"]
[BlackClock "0:01:38"]
[Board "98"]

1. e4 e5 2. Nf3 Nc6 3. Bb5 a6 4. Bxc6 dxc6 5. O-O Bg4 6. h3 h5 7. d3 Qf6 8. Nbd2 Ne7 9. Nc4 Ng6 10. hxg4 hxg4 11. Bg5 Qe6 12. Nh2 Rh5 13. Be3 b5 14. Nd2 Rh4 15. g3 Rh8 16. Qxg4 Qf6 17. Bg5 Qd6 18. Qf5 Be7 19. Nhf3 Rh5 20. Bxe7 Kxe7 21. Qxh5 Rh8 22. Qg5+ 1-0


[Site "https://www.chess.com"]

[Event "Titled Tuesday Blitz July 25 Early 2023"]
[White "Lopez, Henry"]
[Black "Danielyan, Vahe"]
[WhiteFideId "5203830"]
[BlackFideId "13304828"]
[WhiteElo "2460"]
[BlackElo "2650"]
[Result "1-0"]
[Round "5"]
[TimeControl "180+2"]
[Date "2023.07.25"]
[WhiteClock "0:00:15"]
[BlackClock "0:00:28"]
[Board "99"]

1. d4 e6 2. Nf3 b6 3. c4 Bb7 4. a3 f5 5. Nc3 Nf6 6. d5 Bd6 7. g3 O-O 8. Bg2 a5 9. O-O Na6 10. Nd4 Be5 11. Bg5 Nc5 12. Rb1 Qe8 13. Ndb5 Qh5 14. Bxf6 Rxf6 15. f4 Bxc3 16. Nxc3 Re8 17. b4 axb4 18. axb4 Ne4 19. Nxe4 fxe4 20. dxe6 Rfxe6 21. e3 Qf7 22. c5 bxc5 23. bxc5 Bc6 24. Qd4 Qf6 25. Qxf6 Rxf6 26. g4 Ra8 27. Ra1 Rff8 28. Kf2 Kf7 29. g5 Rfb8 30. Bh3 Ke7 31. Rxa8 Rxa8 32. Rc1 g6 33. Bg4 Ra2+ 34. Kg3 Bd5 35. h4 Be6 36. h5 Bxg4 37. Kxg4 Rg2+ 38. Kh3 Re2 39. Rc3 gxh5 40. Kh4 Rh2+ 41. Kg3 Rd2 42. Rc4 Kf7 43. Rxe4 Rc2 44. Re5 Rc1 45. Kh4 Rh1+ 46. Kg3 Rh4 47. Kxh4 1-0


[Site "https://www.chess.com"]

[Event "Titled Tuesday Blitz July 25 Early 2023"]
[White "Seemann, Jakub"]
[Black "Tanmay Jain"]
[WhiteFideId "21874697"]
[BlackFideId "45015481"]
[WhiteElo "2650"]
[BlackElo "2456"]
[Result "1-0"]
[Round "5"]
[TimeControl "180+2"]
[Date "2023.07.25"]
[WhiteClock "0:02:01"]
[BlackClock "0:00:00"]
[Board "100"]

1. g3 d5 2. Bg2 Nf6 3. Nf3 e6 4. O-O Be7 5. b3 O-O 6. Bb2 b6 7. c4 Bb7 8. cxd5 exd5 9. Nc3 c5 10. e3 Ne4 11. Ne2 Nc6 12. d3 Nf6 13. Nf4 Qd7 14. d4 cxd4 15. Nxd4 Nxd4 16. Bxd4 Rad8 17. Nh5 Qd6 18. Rc1 Rc8 19. Nxf6+ Bxf6 20. Qd2 Bxd4 21. Qxd4 Rc5 22. b4 Rxc1 23. Rxc1 h6 24. a3 Rd8 25. h4 Qe7 26. Qf4 Rd7 27. Qb8+ Kh7 28. Qf4 a5 29. Bh3 d4 30. Bxd7 Qxd7 31. Rc7 Qd5 32. e4 1-0


[Site "https://www.chess.com"]

[Event "Titled Tuesday Blitz July 25 Early 2023"]
[White "Iskusnyh, Sergei"]
[Black "Liu, Casper"]
[WhiteFideId "4120027"]
[BlackFideId "1454153"]
[WhiteElo "2629"]
[BlackElo "2452"]
[Result "0-1"]
[Round "5"]
[TimeControl "180+2"]
[Date "2023.07.25"]
[WhiteClock "0:00:02"]
[BlackClock "0:00:13"]
[Board "101"]

1. d4 Nf6 2. c4 g6 3. g3 Bg7 4. Bg2 O-O 5. Nc3 c5 6. dxc5 Na6 7. Nh3 Nxc5 8. O-O d6 9. Nf4 a6 10. Bd2 Nfd7 11. Rc1 Ne5 12. b4 Ne6 13. Ncd5 Nxf4 14. gxf4 Nc6 15. c5 dxc5 16. bxc5 Be6 17. Nb6 Rb8 18. a3 Nd4 19. Bc3 Nb3 20. Rc2 Qc7 21. Bxg7 Kxg7 22. Qd3 Rfd8 23. Qxb3 Bxb3 24. Rc3 Be6 25. Rfc1 Rd2 26. Bf3 Rbd8 27. Kg2 h5 28. Re3 Qxf4 29. Bxb7 Qg4+ 30. Kf1 R8d4 31. f3 Rd1+ 32. Kf2 Qg1# 0-1


[Site "https://www.chess.com"]

[Event "Titled Tuesday Blitz July 25 Early 2023"]
[White "Lamaze, Simon"]
[Black "Garagulya, Konstantin"]
[WhiteFideId "36069264"]
[BlackFideId "4128931"]
[WhiteElo "2618"]
[BlackElo "2451"]
[Result "0-1"]
[Round "5"]
[TimeControl "180+2"]
[Date "2023.07.25"]
[WhiteClock "0:00:16"]
[BlackClock "0:00:51"]
[Board "102"]

1. e4 c5 2. Nf3 a6 3. d4 cxd4 4. c3 d5 5. exd5 Qxd5 6. cxd4 Nf6 7. Nc3 Qd6 8. Bc4 e6 9. O-O b5 10. Bb3 Bb7 11. Ne5 Nc6 12. Nxc6 Qxc6 13. d5 Nxd5 14. Nxd5 exd5 15. Re1+ Be7 16. Bg5 f6 17. Bd2 Kf7 18. Rc1 Qd7 19. Qh5+ g6 20. Qf3 Rac8 21. Rcd1 Rhd8 22. h4 Qf5 23. Qe3 Bc5 24. Qg3 Bd6 25. Qf3 Qxf3 26. gxf3 Be5 27. Ba5 Rd7 28. Rd2 Kg7 29. Red1 d4 30. f4 Bxf4 31. Rxd4 Rxd4 32. Rxd4 Rc1+ 33. Bd1 g5 34. Rd7+ Kh6 35. h5 Bf3 0-1


[Site "https://www.chess.com"]